Map: Abyssal Reef LE

Players

Namshar

  • Race: Zerg Zerg
  • Spawn Location: 11:00

Cham - Winner!

  • Race: Zerg Zerg
  • Spawn Location: 5:00

Event: WCS Jonkoping 2017

VOD

Have the link to the VOD?

Description

Time

  • Played on: June 17, 2017, 2:43 p.m.
  • Length: 6:47

All games in this series

Show
View Real Time Build Order
Export as new Build Order

Namshar Zerg 

Build Orders: Pool First 

Get SALT Encoding   

  12  0:00  Drone  
  13  0:12  Overlord  
  13  0:17  Drone  
  14  0:30  Drone  
  14  0:31  Drone  
  14  0:34  Drone  
  17  0:44  Spawning Pool  
  17  0:48  Drone  
  17  1:09  Hatchery  
  16  1:30  Zergling x6  
  16  1:31  Queen  
  21  1:41  Drone  
  22  1:57  Extractor  
  21  2:03  Drone  
  21  2:06  Overlord  
  22  2:20  Queen  
  22  2:21  Queen  
  26  2:23  Drone  
  27  2:34  Drone  
  27  2:35  Drone x2  
  27  2:36  Drone  
  30  2:45  Drone x3  
  30  2:48  Drone  
  33  2:55  Drone x2  
  35  3:03  Overlord  
  34  3:08  Spine Crawler  
  33  3:19  Spine Crawler  
  32  3:24  Drone x5  
  37  3:37  Drone x6  
  37  3:41  Roach Warren  
  42  3:42  Drone  
  42  3:44  Evolution Chamber, Lair  
  42  3:52  Drone  
  42  3:53  Drone  
  44  3:57  Extractor  
  44  3:58  Extractor  
  44  4:00  Drone  
  43  4:03  Overlord  
  43  4:05  Overlord  
  43  4:08  Drone  
  44  4:11  Zerg Missile Weapons Level 1  
  44  4:18  Hatchery  
  44  4:20  Drone  
  44  4:23  Drone x2  
  46  4:27  Drone  
  47  4:35  Roach  
  47  4:36  Roach x3  
  47  4:37  Roach  
  57  4:44  Extractor  
  57  4:45  Drone x3, Overlord  
  59  4:47  Glial Reconstitution  
  59  4:50  Overlord  
  59  4:57  Drone  
  60  5:02  Overseer  
  60  5:10  Overlord  
  60  5:11  Drone  
  60  5:12  Drone x6  
  67  5:22  Overlord x2  
  67  5:31  Roach x2  
  67  5:33  Roach x3  
  77  5:37  Roach  
  77  5:40  Roach  
  77  5:42  Roach x4  
  85  5:49  Roach  
  81  5:55  Roach x2  
  63  6:01  Roach  
  58  6:06  Roach  
  58  6:07  Roach  
  53  6:20  Roach  
  53  6:21  Roach  
Show
View Real Time Build Order
Export as new Build Order

Cham Zerg - Winner!

Build Orders: Hatch First 

Get SALT Encoding   

  12  0:01  Drone  
  13  0:09  Drone  
  14  0:17  Overlord  
  14  0:35  Drone  
  15  0:45  Hatchery  
  15  0:49  Drone  
  15  1:04  Spawning Pool  
  14  1:07  Drone  
  14  1:11  Extractor  
  14  1:15  Drone  
  14  1:18  Drone  
  16  1:21  Drone  
  17  1:30  Drone  
  18  1:41  Drone  
  19  1:50  Queen  
  21  1:54  Overlord  
  21  1:58  Queen  
  23  2:02  Zergling x2  
  23  2:07  Zergling x2  
  23  2:08  Zergling x2  
  26  2:13  Metabolic Boost  
  26  2:17  Drone  
  27  2:26  Drone x2  
  29  2:33  Queen  
  31  2:43  Drone x3  
  34  2:48  Drone  
  33  2:54  Overlord  
  33  2:59  Drone  
  34  3:08  Drone x2  
  34  3:09  Evolution Chamber  
  34  3:12  Drone  
  36  3:15  Drone x2  
  37  3:20  Overlord  
  37  3:28  Overlord  
  37  3:31  Drone x2  
  38  3:37  Zerg Ground Armor Level 1  
  38  3:43  Drone x3  
  38  3:47  Roach Warren  
  40  3:52  Drone x3  
  42  3:58  Extractor, Drone  
  42  4:01  Overlord  
  43  4:10  Hatchery  
  43  4:15  Overlord  
  42  4:28  Roach x6  
  42  4:30  Roach  
  56  4:33  Roach  
  56  4:35  Roach  
  60  4:39  Roach  
  60  4:41  Overlord  
  60  4:43  Zergling x2  
  63  4:46  Zergling x2  
  63  4:48  Zergling x4  
  63  4:49  Zergling x2  
  63  4:51  Zergling x2  
  63  4:52  Zergling x2  
  69  4:54  Zergling x2  
  69  4:56  Zergling x2  
  71  5:01  Queen  
  71  5:05  Zergling x2  
  74  5:08  Zergling x2  
  74  5:13  Overlord x3  
  75  5:16  Ravager  
  76  5:22  Zergling x4  
  76  5:25  Zergling x2  
  76  5:27  Zergling x2  
  80  5:29  Zergling x2  
  80  5:30  Zergling x2  
  80  5:32  Zergling x4  
  84  5:36  Ravager, Zergling x2  
  84  5:41  Zergling x4  
  85  5:50  Zergling x10  
  85  5:57  Zergling x2  
  86  6:03  Ravager  
  82  6:05  Zergling x4  
  82  6:06  Queen, Zergling x2  
  88  6:11  Zergling x2  
  88  6:12  Zergling x6  
  91  6:19  Zergling x6  
  91  6:22  Zergling x2  
  91  6:23  Zergling x6  
  95  6:29  Extractor x2  
  95  6:30  Zergling x6  
Tags
 
Add a new tag
Caveats
  • Supply blocks, unpowered buildings, or Contaminate may cause inaccurate times.
  • Supply counts are checked every 10 seconds.